 Dungeon Crawl Stone Soup version 0.31-a0-771-g505c3d19dc (webtiles) character file.

Game seed: 12484560315529117126

167578 cforsyth the Warrior (level 18, 0/133 HPs)
             Began as a Djinni Delver on Sept 16, 2023.
             Was the Champion of Hepliaklqana.
             Slain by a redback (7 damage)
             ... on level 4 of the Spider Nest.
             The game lasted 01:41:46 (35846 turns).

cforsyth the Warrior (Djinni Delver)               Turns: 35846, Time: 01:41:47

Health: 0/133      AC: 11    Str: 11    XL:     18   Next: 56%
Gold:   3613       EV: 26    Int: 19    God:    Hepliaklqana [******] SH: 18 Dex: 19

rFire   + + .        x - +10 hammer of Zelifois {speed, rC+}
rCold   + + .        w - +1 kite shield {rC+}
rNeg    . . .        f - +1 troll leather armour {Snorg}
rPois   ∞            v - +1 helmet {SInv}
rElec   .            H - +2 cloak
rCorr   .            i - +1 pair of gloves {Dex+3}
SInv    +            (boots unavailable)
Will    +....        s - amulet of reflection
Stlth   +++          y - ring of protection from cold
HPRegen 1.22/turn    W - +5 ring of evasion
MPRegen 0.00/turn

%: reflection, infuse magic (-1 HP)
@: about to teleport, flying
A: reduced essence, sickness immunity, fire resistance 2, cold vulnerability 1,
float, innate caster, HP casting, extra vitality 1
a: Renounce Religion, Recall Ancestor, Ancestor Identity, Transference, Idealise


You were on level 4 of the Spider Nest.
You worshipped Hepliaklqana.
Hepliaklqana was exalted by your worship.
You visited 6 branches of the dungeon, and saw 28 of its levels.
You also visited: Bailey and Ice Cave.

You collected 3867 gold pieces.
You spent 254 gold pieces at shops.

Inventory:

Hand Weapons
 x - the +10 hammer of Zelifois (weapon) {speed, rC+}
   (You found it on level 6 of the Dungeon)

   rC+:       It protects you from cold.
Armour
 f - a +1 troll leather armour (worn) {Snorg}
 i - a +1 pair of gloves of dexterity (worn)
 v - a +1 helmet of see invisible (worn)
 w - a +1 kite shield of cold resistance (worn)
 H - a +2 cloak (worn)
 M - the -2 hat of the Alchemist {rElec rPois rF+ rC+ rN+ Will+ rMut rCorr}
   (You found it in a bailey)

   rF+:       It protects you from fire.
   rC+:       It protects you from cold.
   rElec:     It insulates you from electricity.
   rPois:     It protects you from poison rN+: It protects you from negative
   energy.
   Will+:     It increases your willpower.
   rCorr:     It protects you from acid and corrosion.
   rMut:      It protects you from mutation.
Jewellery
 h - a ring of ice
 s - an amulet of reflection (around neck)
 y - a ring of protection from cold (left hand)
 B - a ring of see invisible
 P - a +5 ring of evasion
 V - a ring of positive energy
 W - a +5 ring of evasion (right hand)
 X - a ring of fire
Wands
 e - a wand of flame (67)
 g - a wand of digging (17)
 j - a wand of paralysis (42)
 D - a wand of roots (37)
 Q - a wand of quicksilver (30)
 R - a wand of polymorph (7)
Scrolls
 b - 3 scrolls of enchant armour
 c - 2 scrolls of fog
 l - 3 scrolls of summoning
 m - 4 scrolls of teleportation
 o - a scroll of enchant weapon
 p - 5 scrolls of noise {unknown}
 q - 2 scrolls of amnesia
 u - 5 scrolls of blinking {unknown}
 A - 2 scrolls of vulnerability
 C - 2 scrolls of silence
 E - 2 scrolls of brand weapon
 G - a scroll of torment
 Z - 3 scrolls of poison
Potions
 a - 4 potions of haste
 k - 3 potions of heal wounds
 n - a potion of resistance
 r - a potion of brilliance
 t - 7 potions of invisibility
 z - 10 potions of curing
 F - 3 potions of attraction
 I - 3 potions of might
 J - a potion of ambrosia
 O - 4 potions of lignification
 S - 2 potions of berserk rage
 T - 4 potions of enlightenment
 Y - 3 potions of mutation


   Skills:
 + Level 19.3 Fighting
 - Level 1.7 Long Blades
 + Level 16.7 Dodging
 - Level 4.1 Stealth
 - Level 10.0 Shields
 + Level 14.0 Spellcasting
 + Level 14.0 Conjurations
 + Level 14.0 Hexes
 + Level 14.0 Summonings
 + Level 14.0 Necromancy
 + Level 14.0 Translocations
 + Level 14.0 Transmutations
 + Level 14.0 Fire Magic
 + Level 14.0 Ice Magic
 + Level 14.0 Air Magic
 + Level 14.0 Earth Magic
 + Level 14.0 Poison Magic


You knew the following spells:

 Your Spells              Type           Power      Damage    Failure   Level
a - Kiss of Death         Conj/Necr      100%       2d13      1%          1
b - Poisonous Vapours     Pois/Air       100%       N/A       1%          2
c - Scorch                Fire           100%       2d9       1%          2
d - Summon Guardian Gole  Hex/Summ       61%        N/A       1%          3
e - Lee's Rapid Deconstr  Erth           30%        3d16*     1%          5
f - Summon Forest         Summ/Tloc      30%        N/A       1%          5
g - Simulacrum            Ice/Necr       30%        N/A       9%          6
h - Malign Gateway        Summ/Tloc      30%        N/A       43%         7
Your spell library was empty.

Dungeon Overview and Level Annotations

Branches:
Dungeon (15/15)            Temple (1/1) D:5            Lair (5/5) D:8
 Shoals (0/4) Lair:3       Spider (4/4) Lair:3        Slime (1/5) Lair:4
    Orc (2/2) D:9             Elf (0/3) Orc:2        Vaults (0/5) D:14
 Depths (0/4) D:15         Bailey (visited)           IceCv (visited)

Altars:
Ashenzari
Cheibriados
Dithmenos
Elyvilon
Fedhas
Gozag
Hepliaklqana
Makhleb
Nemelex Xobeh
Okawaru
Qazlal
Ru
Trog
Uskayaw
Wu Jian
Xom
Yredelemnul
Zin
The Shining One

Shops:
D:4 :   D:7 (   Orc:1 (   Orc:2 =?!!

Annotations:
D:13 3 runed translucent doors, Newt's ghost, journeyman DsGl
Spider:2 1 runed translucent door, Wadi's ghost, journeyman FeCK


Innate Abilities, Weirdness & Mutations

Your life essence is reduced to manifest your ancestor. (-10% HP)
You are immune to sickness and miasma.
You are immune to poison.
Your flesh is very heat resistant. (rF++)
You are vulnerable to cold. (rC-)
You float through the air rather than walking.
You learn spells naturally, not from books.
Your magical power is your life essence.
You have superior vitality. (+4 MHP)


Message History

* * * LOW HITPOINT WARNING * * *
The emperor scorpion claws you!
* * * LOW HITPOINT WARNING * * *
The emperor scorpion closely misses you.
You feel much better. The redback completely misses you.
You block the tarantella's attack. Something misses your ghost moth.
Something completely misses your ghost moth.
Your ghost moth hits the culicivora but does no damage.
Your ghost moth misses the culicivora.
Your ghost moth stings the culicivora!
The redback misses you. The emperor scorpion barely misses you.
The emperor scorpion completely misses you. x2
You feel yourself speed up.
Your ghost moth misses the culicivora.
Your ghost moth hits the culicivora!
Your ghost moth stings the culicivora!
The culicivora dies!
The redback barely misses you.
The emperor scorpion completely misses you.
You block the emperor scorpion's attack. x2
The jumping spider leaps!
The redback completely misses you.
Your magical effects are unravelling.
You feel magically purged.
You feel yourself slow down.
Your hearing returns.
You are no longer corroded.
You hear a faint skittering sound. x2
The redback misses you.
The emperor scorpion completely misses you.
You block the emperor scorpion's attack. x2
You hear a faint skittering sound. x2
Okay, then.
As you read the scroll of teleportation, it crumbles to dust.
You feel strangely unstable. You block the redback's attack.
The redback bites you but does no damage.
You block the redback's attack.
Your ghost moth hits the tarantella!!
Your ghost moth hits the tarantella.
Your ghost moth misses the tarantella.
The redback barely misses you. The emperor scorpion stings you!
* * * LOW HITPOINT WARNING * * *
The emperor scorpion claws you.
* * * LOW HITPOINT WARNING * * *
You block the emperor scorpion's attack.
The tarantella touches your ghost moth but does no damage.
You block the redback's attack. The redback bites you!
You die...

### ###~^####
###^...^..#####
#....$.....#.^##
.....s.......^#
#s#~~....^..#
##.# #.....#
##s.s##.s@s.#
.##.sBy.##sss##
^.s○..B.sssss#
s##s.s.y##.sBs.
##$..##~...#.
##.# #....##^ #.
°..... .^ ..
....s.. #. ..


You could see a broodmother, an emperor scorpion, an entropy weaver, an orb
spider, 2 culicivoras, a jumping spider, 3 tarantellas, 5 redbacks and a
friendly ghost moth (summoned, invisible).

Vanquished Creatures
  Agnes (Spider:2)
  Kirke (D:11)
  An emperor scorpion (Spider:4)
  A ghost moth (Spider:4)
  A broodmother (Spider:3)
  Snorg (D:12)
  A fire dragon (D:15)
  An entropy weaver (Spider:2)
  3 hydras
  A catoblepas (D:13)
  Erica (D:11)
  2 radroaches
  A boulder beetle (Lair:3)
  5 two-headed ogres
  A demonic crawler (Spider:3)
  2 nameless horrors
  A skyshark (Lair:2)
  Pikel (D:5)
  A steelbarb worm (Spider:3)
  A necromancer (IceCv)
  An orc knight (Orc:2)
  5 ugly things
  5 wolf spiders
  A deep elf pyromancer (D:9)
  A moth of wrath (Orc:1)
  An elephant (Lair:2)
  A cyclops (D:11)
  An ice statue (IceCv)
  2 black mambas
  5 cane toads
  A gargoyle (D:12)
  A kobold demonologist (D:9)
  An unseen horror (D:13)
  A rime drake (Lair:4)
  6 ice devils (IceCv)
  6 komodo dragons
  An efreet (D:15)
  A troll (D:12)
  2 polar bears (Lair:2)
  2 tarantellas
  2 dream sheep (Lair:3)
  8 blink frogs
  A centaur simulacrum (D:15)
  A shadow (D:12)
  2 dire elephant simulacra (IceCv)
  31 yaks
  A culicivora (Spider:2)
  5 jumping spiders
  A vampire (D:9)
  2 wyverns
  2 wraiths
  7 redbacks
  4 basilisks
  Eustachio (D:5)
  A chaos spawn (D:14)
  2 steam dragons (Lair:5)
  3 vampire mosquitoes
  A harpy simulacrum (IceCv)
  An acid dragon (D:12)
  A warg (Orc:1)
  10 water moccasins
  A hydra simulacrum (IceCv)
  14 orc warriors
  A sky beast (D:8)
  3 black bears
  7 wolves
  3 centaurs (D:8)
  A phantom (D:5)
  2 lemures (D:5)
  2 kobold brigands
  11 bullfrogs
  3 scorpions
  2 cane toad simulacra (IceCv)
  3 gnoll sergeants (D:9)
  A wight (D:8)
  A troll skeleton (D:13)
  2 elephant simulacra (IceCv)
  10 killer bees
  4 spriggan skeletons (D:13)
  7 vampire bats (Bailey)
  3 electric eels
  2 howler monkeys
  8 wolf zombies (Bailey)
  A lava snake (Lair:5)
  Crazy Yiuf (D:6)
  13 orc priests
  2 hounds (D:6)
  3 jellies
  2 iguanas
  10 orc wizards
  3 scorpion zombies (D:3)
  A hell rat (Lair:2)
  4 polar bear simulacra (IceCv)
  2 wolf simulacra (IceCv)
  A hound zombie (D:3)
  10 gnolls
  10 adders
  2 naga simulacra (IceCv)
  3 white imps
  An ufetubus (D:7)
  A worm (D:2)
  2 dart slugs
  53 orcs
  4 ball pythons
  9 endoplasms
  8 giant cockroaches
  9 goblins
  5 hobgoblins
  5 jackals
  4 kobolds
  4 quokkas
  7 bats
  2 frilled lizards (D:1)
  16 orc zombies (Bailey)
  4 rats
  A snaplasher vine (Lair:3)
454 creatures vanquished.

Vanquished Creatures (collateral kills)
  An azure jelly (Lair:4)
  An emperor scorpion (Spider:4)
  2 broodmothers (Spider:3)
  Nessos (D:12)
  2 spark wasps
  Josephine (D:13)
  A hydra (Lair:5)
  A vault guard (D:14)
  3 entropy weavers
  The ghost of justen the Mimic, a journeyman DsSh of Ru (Orc:1)
  An ice dragon (D:15)
  The ghost of arthad the Grappler, a novice TrSh of Uskayaw (D:9)
  6 boulder beetles
  4 two-headed ogres
  2 catoblepae
  3 demonic crawlers
  15 death yaks
  An orc high priest (Orc:2)
  5 pharaoh ants
  3 skeletal warriors (D:14)
  A nameless horror (D:12)
  A glowing orange brain (D:14)
  5 orb spiders
  A lindwurm (Lair:5)
  6 steelbarb worms
  5 orc knights
  A deep elf pyromancer (D:14)
  4 ugly things
  An orc sorcerer (Orc:2)
  11 wolf spiders
  2 moths of wrath
  An oklob plant (Lair:4)
  3 cyclopes
  3 manticores
  17 elephants
  6 black mambas
  3 molten gargoyles (Lair:5)
  A guardian serpent (shapeshifter) (D:13)
  The ghost of blessed the Chopper, a novice MiBe of Trog (D:6)
  6 cane toads
  A gargoyle (Bailey)
  4 torpor snails
  A rime drake (Lair:4)
  3 freezing wraiths
  An anaconda simulacrum (IceCv)
  8 ice devils (IceCv)
  2 tengu conjurers (D:14)
  4 komodo dragons
  15 tarantellas
  A polar bear (Lair:4)
  7 trolls
  5 saltlings (Orc:2)
  7 blink frogs
  A raiju (shapeshifter) (D:15)
  5 dream sheep
  Sigmund (D:5)
  15 jumping spiders
  5 culicivoras
  22 yaks
  5 wyverns
  2 vampires
  4 wraiths
  5 hogs (D:12)
  6 basilisks
  A hog (shapeshifter) (D:14)
  Grum (Lair:1)
  A death yak simulacrum (IceCv)
  A chaos spawn (D:14)
  3 vampire mosquitoes
  32 redbacks
  A steam dragon (D:8)
  A harpy simulacrum (IceCv)
  A warg (Orc:1)
  5 water moccasins
  5 hell hounds (Lair:5)
  18 orc warriors
  8 ogres
  8 wolves
  A lemure (D:5)
  A phantom (D:6)
  The ghost of DocEon the Cudgeller, an amateur GrMo (D:3)
  A kobold brigand (D:8)
  5 bullfrogs
  3 gnoll sergeants
  4 cane toad simulacra (IceCv)
  4 scorpions
  A wight (D:8)
  4 killer bees
  A spriggan skeleton (D:13)
  A howler monkey (D:9)
  A wolf zombie (Bailey)
  An electric eel (D:15)
  4 lava snakes (Lair:5)
  9 orc priests
  5 hell rats (Lair:2)
  2 iguanas (D:4)
  12 orc wizards
  2 polar bear simulacra (IceCv)
  A spriggan simulacrum (IceCv)
  10 gnolls
  3 adders
  4 orc zombies (Bailey)
  2 naga simulacra (IceCv)
  11 white imps
  An ufetubus (D:4)
  5 worms
  A dart slug (D:5)
  61 orcs
  3 endoplasms
  3 giant cockroaches
  2 goblins (D:9)
  3 hobgoblins
  A jackal (D:4)
  4 kobolds
  2 bats
  A frilled lizard (D:2)
531 creatures vanquished.

Vanquished Creatures (others)
  3 orc warlords
  A spark wasp (Spider:3)
  A fire dragon (Lair:5)
  3 entropy weavers
  A centaur warrior (D:15)
  2 radroaches
  A two-headed ogre (D:8)
  6 death yaks
  2 demonic crawlers
  2 wolf spiders
  An ugly thing (D:15)
  3 orc knights
  An elephant (Lair:5)
  An orc sorcerer (Orc:2)
  A torpor snail (Spider:4)
  2 cane toads
  A rime drake (Lair:4)
  A komodo dragon (Lair:1)
  2 polar bears
  A hornet (D:8)
  2 tarantellas (Spider:4)
  2 culicivoras
  A spriggan (Lair:4)
  A yak (D:8)
  A wyvern (D:8)
  A basilisk (D:8)
  A redback (Spider:4)
  2 vampire mosquitoes (D:15)
  6 orc warriors
  A wolf (Lair:2)
  A bullfrog (D:8)
  A gnoll sergeant (D:8)
  A cane toad simulacrum (IceCv)
  A wight (D:8)
  A killer bee (D:8)
  A hell rat (Lair:2)
  A polar bear simulacrum (IceCv)
  A wolf simulacrum (IceCv)
  10 knights
  3 orcs
  A bat (Orc:1)
  19 snaplasher vines
95 creatures vanquished.

Grand Total: 1080 creatures vanquished

Notes
Turn   | Place    | Note
-------+----------+-------------------------------------------
     0 | D:5      | cforsyth the Djinni Delver began the quest for the Orb.
     0 | D:5      | Reached XP level 1. HP: 20/20 MP: 0/0
    11 | D:5      | Found a staircase to the Ecumenical Temple.
    21 | Temple   | Entered the Ecumenical Temple
    35 | Temple   | Became a worshipper of Hepliaklqana the Forgotten
    76 | D:5      | Reached XP level 2. HP: 19/25 MP: 0/0
   159 | D:3      | Reached skill level 1 in Spellcasting
   159 | D:3      | Reached skill level 1 in Conjurations
   159 | D:3      | Reached skill level 1 in Hexes
   159 | D:3      | Reached skill level 1 in Summonings
   159 | D:3      | Reached skill level 1 in Necromancy
   159 | D:3      | Reached skill level 1 in Translocations
   159 | D:3      | Reached skill level 1 in Transmutations
   159 | D:3      | Reached skill level 1 in Fire Magic
   159 | D:3      | Reached skill level 1 in Ice Magic
   159 | D:3      | Reached skill level 1 in Air Magic
   159 | D:3      | Reached skill level 1 in Earth Magic
   159 | D:3      | Reached skill level 1 in Poison Magic
   181 | D:3      | Reached XP level 3. HP: 25/31 MP: 0/0
   181 | D:3      | Learned a level 1 spell: Kiss of Death
   280 | D:3      | Reached XP level 4. HP: 34/37 MP: 0/0
   334 | D:3      | Reached skill level 4 in Fighting
   546 | D:2      | Found an ornate altar of the Wu Jian Council.
   697 | D:2      | Reached XP level 5. HP: 25/41 MP: 0/0
   697 | D:2      | Learned a level 2 spell: Poisonous Vapours
   975 | D:1      | Reached * piety under Hepliaklqana
  1078 | D:1      | Found a faded altar of an unknown god.
  2442 | D:3      | Found a basalt altar of Yredelemnul.
  2458 | D:3      | Reached XP level 6. HP: 36/44 MP: 0/0
  2577 | D:3      | Reached skill level 5 in Fighting
  2657 | D:3      | Identified the +4 ring mail "Aschiadd" {Rampage rF+ Int+2}
  2794 | D:3      | Found a large runed translucent door.
  2795 | D:3      | Found a large runed translucent door.
  2799 | D:3      | Noticed DocEon's ghost (amateur GrMo)
  3242 | D:4      | Noticed a water moccasin
  3261 | D:4      | Killed a water moccasin
  3425 | D:4      | Reached XP level 7. HP: 48/48 MP: 0/0
  3425 | D:4      | Learned a level 2 spell: Scorch
  3484 | D:4      | Reached ** piety under Hepliaklqana
  3485 | D:4      | Remembered your ancestor Nolwazi as a knight
  3598 | D:4      | Found Buptengu's Book Shop.
  3877 | D:4      | HP: 2/49 [ogre/+0 giant spiked club (10)]
  3878 | D:4      | Reached skill level 6 in Fighting
  4220 | D:4      | Reached XP level 8. HP: 51/55 MP: 0/0
  4609 | D:3      | Killed DocEon's ghost
  4834 | D:5      | Reached skill level 7 in Fighting
  4942 | D:5      | Identified the +0 ring mail of Dramatic Exits {*Corrode
                  | Int+4}
  5186 | D:5      | Noticed Pikel
  5191 | D:5      | Killed Pikel
  5192 | D:5      | Reached skill level 5 in Spellcasting
  5192 | D:5      | Reached skill level 5 in Conjurations
  5192 | D:5      | Reached skill level 5 in Hexes
  5192 | D:5      | Reached skill level 5 in Summonings
  5192 | D:5      | Reached skill level 5 in Necromancy
  5192 | D:5      | Reached skill level 5 in Translocations
  5192 | D:5      | Reached skill level 5 in Transmutations
  5192 | D:5      | Reached skill level 5 in Fire Magic
  5192 | D:5      | Reached skill level 5 in Ice Magic
  5192 | D:5      | Reached skill level 5 in Air Magic
  5192 | D:5      | Reached skill level 5 in Earth Magic
  5192 | D:5      | Reached skill level 5 in Poison Magic
  5197 | D:5      | Noticed Eustachio
  5200 | D:5      | Killed Eustachio
  5201 | D:5      | Reached skill level 8 in Fighting
  5201 | D:5      | Reached XP level 9. HP: 50/63 MP: 0/0
  5201 | D:5      | Learned a level 3 spell: Summon Guardian Golem
  5261 | D:5      | Noticed Sigmund
  5268 | D:5      | Killed Sigmund
  5661 | D:6      | Found a runed translucent gate.
  5661 | D:6      | Found a runed translucent gate.
  5661 | D:6      | Found a runed translucent gate.
  5665 | D:6      | Noticed blessed's ghost (novice MiBe)
  5799 | D:6      | Reached skill level 9 in Fighting
  6080 | D:6      | Found a runed translucent door.
  6081 | D:6      | Noticed Crazy Yiuf
  6256 | D:6      | Reached *** piety under Hepliaklqana
  6446 | D:6      | Killed blessed's ghost
  6539 | D:6      | Killed Crazy Yiuf
  6556 | D:6      | Identified the +10 hammer of Zelifois {speed, rC+}
  6696 | D:7      | Found Niebot's Weapon Shop.
  6841 | D:6      | Reached XP level 10. HP: 55/71 MP: 0/0
  7198 | D:7      | Noticed a two-headed ogre
  7206 | D:7      | Killed a two-headed ogre
  7207 | D:7      | Reached skill level 10 in Fighting
  7818 | D:8      | Reached skill level 11 in Fighting
  7994 | D:8      | Noticed a two-headed ogre
  8001 | D:8      | Killed a two-headed ogre
  8002 | D:8      | Reached XP level 11. HP: 71/78 MP: 0/0
  8002 | D:8      | Learned a level 5 spell: Summon Forest
  8513 | D:8      | Reached skill level 12 in Fighting
  8903 | D:8      | Found a staircase to the Lair.
  9197 | D:9      | Found a flagged portal.
  9299 | Bailey   | Entered a bailey
  9518 | Bailey   | Identified the orb "Daykoam" {mayhem, rPois Int+3}
  9966 | Bailey   | Found the -2 hat of the Alchemist {rElec rPois rF+ rC+ rN+
                  | Will+ rMut rCorr}
 10174 | D:9      | Found a white marble altar of Elyvilon.
 10381 | D:9      | Reached skill level 1 in Shields
 10480 | D:9      | Found a staircase to the Orcish Mines.
 10553 | D:9      | Noticed a six-headed hydra
 10560 | D:9      | Noticed a deep elf pyromancer
 10572 | D:9      | Found a transporter.
 10572 | D:9      | Noticed a green ugly thing
 10589 | D:9      | Noticed arthad's ghost (novice TrSh)
 10704 | D:9      | Reached **** piety under Hepliaklqana
 11137 | D:9      | Found a transporter.
 11215 | D:9      | Reached XP level 12. HP: 51/86 MP: 0/0
 11407 | D:9      | Reached skill level 13 in Fighting
 11676 | D:10     | Entered Level 10 of the Dungeon
 11762 | D:10     | Noticed a two-headed ogre
 11770 | D:10     | Killed a two-headed ogre
 12045 | D:10     | Noticed a two-headed ogre
 12053 | D:10     | Killed a two-headed ogre
 12282 | D:10     | Noticed a two-headed ogre
 12288 | D:10     | Killed a two-headed ogre
 12289 | D:10     | Reached skill level 5 in Dodging
 13123 | D:11     | Identified the +3 whip of Profit {heavy, rF- Int+5}
 13167 | D:11     | Noticed Erica
 13175 | D:11     | Killed Erica
 13257 | D:11     | Noticed a two-headed ogre
 13264 | D:11     | Killed a two-headed ogre
 13265 | D:11     | Reached skill level 10 in Spellcasting
 13265 | D:11     | Reached skill level 10 in Conjurations
 13265 | D:11     | Reached skill level 10 in Hexes
 13265 | D:11     | Reached skill level 10 in Summonings
 13265 | D:11     | Reached skill level 10 in Necromancy
 13265 | D:11     | Reached skill level 10 in Translocations
 13265 | D:11     | Reached skill level 10 in Transmutations
 13265 | D:11     | Reached skill level 10 in Fire Magic
 13265 | D:11     | Reached skill level 10 in Ice Magic
 13265 | D:11     | Reached skill level 10 in Air Magic
 13265 | D:11     | Reached skill level 10 in Earth Magic
 13265 | D:11     | Reached skill level 10 in Poison Magic
 13344 | D:11     | Reached skill level 5 in Shields
 13491 | D:11     | Reached ***** piety under Hepliaklqana
 13633 | D:12     | Noticed Kirke
 13730 | D:12     | Noticed a nameless horror
 13731 | D:12     | Noticed a nameless horror
 13750 | D:12     | Noticed a two-headed ogre
 14161 | D:11     | Killed a nameless horror
 14166 | D:11     | Killed Kirke
 14167 | D:11     | Reached XP level 13. HP: 62/93 MP: 0/0
 14167 | D:11     | Learned a level 5 spell: Lee's Rapid Deconstruction
 14436 | D:12     | Noticed Snorg
 14447 | D:12     | Killed Snorg
 14743 | D:12     | Noticed Nessos
 15432 | D:12     | Killed Nessos
 15433 | D:12     | Reached skill level 14 in Fighting
 15861 | Lair:1   | Entered Level 1 of the Lair of Beasts
 15991 | Lair:1   | Noticed a catoblepas
 16011 | Lair:1   | Killed a catoblepas
 16272 | Lair:1   | Noticed Grum
 16280 | Lair:1   | Killed Grum
 17128 | Lair:2   | Reached XP level 14. HP: 84/100 MP: 0/0
 17764 | Lair:2   | Reached ****** piety under Hepliaklqana
 18234 | Lair:3   | Found a hole to the Spider Nest.
 18388 | Lair:3   | Reached skill level 15 in Fighting
 18663 | Lair:3   | Found a staircase to the Shoals.
 19120 | Lair:4   | Reached skill level 10 in Dodging
 19234 | Lair:4   | Found a runed translucent door.
 19235 | Lair:4   | Found a staircase to the Slime Pits.
 19235 | Lair:4   | Noticed an azure jelly
 19678 | Lair:4   | You are sucked into a shaft and drop 1 floor!
 19678 | Lair:5   | Entered Level 5 of the Lair of Beasts
 19678 | Lair:5   | Found the +9 scales of the Dragon King {rPois rF+ rC+
                  | Will+}
 19696 | Lair:5   | Reached XP level 15. HP: 103/108 MP: 0/0
 19696 | Lair:5   | Learned a level 6 spell: Simulacrum
 19866 | Lair:5   | Reached skill level 10 in Shields
 20072 | Lair:5   | Found a frozen archway.
 20079 | IceCv    | Entered an ice cave
 20196 | IceCv    | Reached skill level 16 in Fighting
 21606 | Lair:5   | Identified the +2 ring mail of the First Gods {rC+ rN+}
 22427 | Lair:5   | Found a large runed translucent door.
 22427 | Lair:5   | Found a large runed translucent door.
 22463 | Lair:5   | Reached XP level 16. HP: 78/116 MP: 0/0
 22996 | Lair:5   | Identified the +4 orcbow "Toozil" {freeze, rF+ Dex+4 SInv}
 23395 | Lair:4   | Killed an azure jelly
 24149 | D:9      | Killed arthad's ghost
 24242 | D:9      | Upgraded the game from 0.31-a0-765-g67fe2935dc to
                  | 0.31-a0-771-g505c3d19dc
 24260 | Orc:1    | Entered Level 1 of the Orcish Mines
 24260 | Orc:1    | Found Rijipal's Antique Weapon Shoppe.
 24738 | D:9      | Found a staircase to the Orcish Mines.
 24783 | D:9      | Found a transporter.
 24819 | D:9      | Found a transporter.
 25142 | D:9      | Found a white marble altar of Elyvilon.
 25555 | Orc:1    | Found a transporter.
 25579 | Orc:1    | Found a transporter.
 25655 | Orc:1    | Found a bloodstained altar of Trog.
 25663 | Orc:1    | Noticed justen's ghost (journeyman DsSh)
 25822 | Orc:1    | Reached skill level 17 in Fighting
 26155 | Orc:1    | Killed justen's ghost
 26395 | Orc:2    | Entered Level 2 of the Orcish Mines
 26664 | Orc:2    | Found a staircase to the Elven Halls.
 27023 | Orc:2    | Found Doupel's Magic Scroll Boutique.
 27383 | Orc:2    | Found Nohoyla Jyac's Jewellery Shoppe.
 27431 | Orc:2    | Found Atet's Distillery.
 27451 | Orc:2    | Found Vuathagif's Distillery.
 27464 | Orc:2    | Bought a potion of haste for 170 gold pieces
 27486 | Orc:2    | Bought a scroll of identify for 28 gold pieces
 27486 | Orc:2    | Bought a scroll of identify for 28 gold pieces
 27486 | Orc:2    | Bought a scroll of identify for 28 gold pieces
 28155 | D:13     | Found a runed translucent gate.
 28155 | D:13     | Found a runed translucent gate.
 28156 | D:13     | Found a runed translucent gate.
 28158 | D:13     | Noticed Newt's ghost (journeyman DsGl)
 28158 | D:13     | Noticed Newt's ghost (journeyman DsGl)
 28640 | D:13     | Noticed Josephine
 28665 | D:13     | Killed Josephine
 29233 | D:14     | Found a gate to the Vaults.
 29322 | D:14     | Found a shimmering altar of Xom.
 29324 | D:14     | Found the +7 mace of Variability {chaos, chaos arc}
 29377 | D:14     | Reached XP level 17. HP: 121/124 MP: 0/0
 29377 | D:14     | Learned a level 7 spell: Malign Gateway
 29586 | D:14     | Identified the +0 leather armour "Iwoasuen" {Regen+ Str+2
                  | Int+3 Stlth+}
 29779 | D:15     | Entered Level 15 of the Dungeon
 30241 | D:15     | Found a staircase to the Depths.
 31199 | Spider:1 | Entered Level 1 of the Spider Nest
 31220 | Lair:3   | Reached skill level 18 in Fighting
 31956 | Spider:1 | Reached skill level 15 in Dodging
 32722 | Slime:1  | Entered Level 1 of the Pits of Slime
 32864 | Spider:2 | Found a runed translucent door.
 33644 | Spider:2 | Noticed Wadi's ghost (journeyman FeCK)
 33651 | Spider:2 | Identified the +0 pair of gloves "Xeofin" {rElec rPois rC+
                  | Int-5}
 33704 | Spider:2 | Noticed Agnes
 33714 | Spider:2 | Killed Agnes
 34194 | Spider:3 | Found the +0 pair of fencer's gloves {Riposte Dex+3}
 34381 | Spider:3 | Reached XP level 18. HP: 129/131 MP: 0/0
 34388 | Spider:3 | Identified the +1 leather armour "Fucu" {rN+ Str-4 Dex+5}
 34395 | Spider:3 | Identified a scroll of acquirement
 34396 | Spider:3 | Acquired 773 gold pieces
 35091 | Spider:3 | Reached skill level 19 in Fighting
 35260 | Spider:4 | Entered Level 4 of the Spider Nest
 35842 | Spider:4 | HP: 6/133 [emperor scorpion (10)]
 35846 | Spider:4 | Slain by a redback

Illustrated notes

Levels and vault maps discovered:
D:1:      kilobyte_arrival_exit_the_forest, layout_basic,
          shapermc_ecumenical_altar_mp_ritualfount, minmay_bisected
D:2:      layout_loops_ring, basic_altar
D:3:      layout_basic, nicolae_yredelemnul_corpse_copse,
          ebering_ghost_disaster_area, hangedman_feature_mirror,
          chequers_serial_rivers_large_b
D:4:      minmay_octagon_keep, layout_basic, serial_shops, shop
D:5:      layout_basic, minmay_temple_entry_antechambers, grunt_ministairs_14,
          uniq_pikel, uniq_eustachio, uniq_sigmund
D:6:      layout_basic, ebering_ghost_rock_garden, uniq_crazy_yiuf_cottage
D:7:      layout_cave_pools, serial_shops, shop, minivault_24, nicolae_sextant
D:8:      minmay_four_partial_circles, layout_loops_ring, erik_lair_dragon,
          kennysheep_generic_room_3
D:9:      layout_loops_ring, nicolae_elyvilon_temple_path, david_orc_5,
          enter_bailey_3, nzn_ghost_randoct, special_room [special_room_orc]
D:10:     layout_roguey, chequers_avenue
D:11:     layout_rooms, water_boxes_lemuel, uniq_erica
D:12:     layout_loops_corners, uniq_nessos, uniq_snorg, uniq_kirke
D:13:     layout_loops_ring, gammafunk_ghost_cemetery, hangedman_tell_no_tales,
          uniq_josephine
D:14:     layout_roguey, hellmonk_vaults_order_and_chaos,
          hangedman_decor_diamond_cutter, corexii_leaking_fountain,
          minmay_guarded_unrand_variability
D:15:     grunt_enter_depths_hoard, layout_basic, nicolae_lava_and_water
Temple:   nicolae_temple_slightly_damp_pantheon
Lair:1:   layout_hall_layers, uniq_grum
Lair:2:   layout_cave_pods, minmay_stone_trees_small, infiniplex_staircase_pool,
          grunt_megastairs_1
Lair:3:   layout_small_grid, elwin_shoals_entry_rocks,
          nicolae_spider_entry_non_spiders, grunt_megastairs_2
Lair:4:   layout_roguey, slime_entry_2, grunt_forest_large_clearings
Lair:5:   cheibrodos_lair_end_hotspot, layout_gridlike,
          portal_ice_cave_entry_imps, ldierk_geyser
Spider:1: layout_spider_delve
Spider:2: layout_spider_delve, ebering_ghost_reflecting_pool, uniq_agnes
Spider:3: nicolae_spider_brood_tunnel
Spider:4: hellmonk_spider_rune_endless_swarm, nicolae_spider_claw_tunnel
Slime:1:  nicolae_slime_infinislime, layout_caves
Orc:1:    layout_caves, gammafunk_ghost_wrathful_warriors, serial_shops, shop,
          mines_bat_river
Orc:2:    hellmonk_orc_salted, layout_caves, minmay_orc_keep

Skill      XL: |  1  2  3  4  5  6  7  8  9 10 11 12 13 14 15 16 17 18 |
---------------+-------------------------------------------------------+-----
Spellcasting   | 1 2 3 4 5 6 8 9 10 11 12 13 14 | 14.0
Conjurations   | 1 2 3 4 5 6 8 9 10 11 12 13 14 | 14.0
Hexes          | 1 2 3 4 5 6 8 9 10 11 12 13 14 | 14.0
Summonings     | 1 2 3 4 5 6 8 9 10 11 12 13 14 | 14.0
Necromancy     | 1 2 3 4 5 6 8 9 10 11 12 13 14 | 14.0
Translocations | 1 2 3 4 5 6 8 9 10 11 12 13 14 | 14.0
Transmutations | 1 2 3 4 5 6 8 9 10 11 12 13 14 | 14.0
Fire Magic     | 1 2 3 4 5 6 8 9 10 11 12 13 14 | 14.0
Ice Magic      | 1 2 3 4 5 6 8 9 10 11 12 13 14 | 14.0
Air Magic      | 1 2 3 4 5 6 8 9 10 11 12 13 14 | 14.0
Earth Magic    | 1 2 3 4 5 6 8 9 10 11 12 13 14 | 14.0
Poison Magic   | 1 2 3 4 5 6 8 9 10 11 12 13 14 | 14.0
Fighting       | 4 5 6 8 9 11 12 13 14 15 16 17 18 19 | 19.3
Shields        | 2 5 7 9 10 | 10.0
Dodging        | 3 6 8 10 12 14 15 16 | 16.7
Long Blades    | |  1.7
Stealth        | |  4.1

Action                     |  1- 3 |  4- 6 |  7- 9 | 10-12 | 13-15 | 16-18 || total
---------------------------+-------+-------+-------+-------+-------+-------++-------
  Melee: Falchion          |    42 |   233 |    54 |       |       |       ||   329
         Punch             |       |     3 |     1 |     2 |       |       ||     6
         Trident           |       |       |    58 |       |       |       ||    58
         Mace              |       |       |    16 |   135 |    41 |   295 ||   487
   Cast: Poisonous Vapours |       |     7 |       |       |       |       ||     7
         Scorch            |       |       |    41 |   345 |   520 |   186 ||  1092
         Summon Guardian G |       |       |     1 |    11 |    50 |   147 ||   209
         Kiss of Death     |       |       |       |     1 |       |       ||     1
         Summon Forest     |       |       |       |     1 |    44 |    71 ||   116
         Simulacrum        |       |       |       |       |    13 |   108 ||   121
         Lee's Rapid Decon |       |       |       |       |     2 |    27 ||    29
 Invoke: Ancestor Life: Kn |       |       |     1 |       |       |       ||     1
         Recall Ancestor   |       |       |       |     1 |     7 |    12 ||    20
    Use: Scroll            |       |       |     7 |     5 |     7 |    20 ||    39
         Potion            |       |       |       |     1 |     1 |     5 ||     7
   Stab: Sleeping          |     1 |    12 |     7 |     2 |       |     1 ||    23
         Distracted        |       |       |       |       |     4 |    11 ||    15
 Armour: Leather armour    |    38 |    98 |       |       |       |       ||   136
         Ring mail         |       |    21 |   102 |   198 |     5 |       ||   326
         Troll leather arm |       |       |       |       |   110 |   216 ||   326
  Dodge: Dodged            |    30 |   132 |    75 |   113 |   108 |   276 ||   734
  Block: Other             |       |    18 |    45 |    37 |       |       ||   100
         Reflection        |       |     1 |       |     8 |     9 |    14 ||    32
         Kite shield       |       |       |       |    74 |   201 |   481 ||   756

Table legend: (Time is in decaauts)
 A = Elapsed time spent in this place.
 B = Non-inter-level travel time spent in this place.
 C = Inter-level travel time spent in this place.
 D = Time resting spent in this place.
 E = Time spent auto-exploring this place.
 F = Levels seen in this place.
 G = Mean time per level.
                   A        B        C        D        E       F      G
               +--------+--------+--------+--------+--------+-----+--------+
         Total |  36011 |  33758 |   2253 |   5104 |  20768 |  30 | 1200.4 |
       Dungeon |  20543 |  18936 |   1607 |   2310 |  13169 |  15 | 1369.5 |
        Temple |     28 |     14 |     14 |      0 |      0 |   1 |   28.0 |
          Lair |   6738 |   6323 |    415 |    933 |   4083 |   5 | 1347.6 |
   Spider Nest |   3724 |   3557 |    167 |    753 |   1577 |   4 |  931.0 |
    Slime Pits |      1 |      1 |      0 |      0 |      0 |   1 |    1.0 |
  Orcish Mines |   2643 |   2596 |     47 |    330 |   1043 |   2 | 1321.5 |
        Bailey |    805 |    805 |      0 |     56 |    582 |   1 |  805.0 |
      Ice Cave |   1524 |   1524 |      0 |    722 |    314 |   1 | 1524.0 |
               +--------+--------+--------+--------+--------+-----+--------+

Top non-repeatable levels by time:
     D:9: 3512 daAuts
    D:11: 1836 daAuts
  Lair:5: 1835 daAuts
     D:8: 1804 daAuts
  Lair:3: 1534 daAuts
    D:12: 1531 daAuts
   IceCv: 1524 daAuts
Spider:1: 1490 daAuts
  Lair:2: 1449 daAuts
     D:4: 1413 daAuts
     D:3: 1401 daAuts
   Orc:2: 1382 daAuts
     D:6: 1318 daAuts
   Orc:1: 1261 daAuts
    D:15: 1185 daAuts
